 Dungeon Crawl Stone Soup version 0.18.1-6-gd335043 (webtiles) character file.

35 Krapule the Skirmisher (level 3, -2/24 HPs)
             Began as a Gargoyle Fighter on May 18, 2016.
             Slain by Natasha (5 damage)
             ... on level 2 of the Dungeon.
             The game lasted 00:03:11 (899 turns).

Krapule the Skirmisher (Gargoyle Fighter)            Turns: 899, Time: 00:03:12

Health: -2/24      AC: 10    Str: 20    XL:     3   Next: 35%
Magic:  3/3        EV:  7    Int:  8    God:
Gold:   23         SH:  9    Dex: 14    Spells: 0 memorised, 2 levels left

rFire  . . .     SeeInvis .     a - +1 flail
rCold  . . .     Gourm    .     b - +0 scale mail
rNeg   + . .     Faith    .     c - +0 shield
rPois  ∞         Spirit   .     (no helmet)
rElec  +         Dismiss  .     (no cloak)
rCorr  .         Reflect  .     (no gloves)
SustAt .         Harm     .     (no boots)
MR     .....                    (no amulet)
Stlth  ..........               (no ring)
                                q - +5 ring of dexterity

@: slowed, very slow, not resistant to hostile enchantments, extremely
unstealthy
A: negative energy resistance 1, electricity resistance, unbreathing,
petrification resistance, rot immunity, AC +3
a: no special abilities


You were on level 2 of the Dungeon.
You were not hungry.

You visited 1 branch of the dungeon, and saw 2 of its levels.

You collected 23 gold pieces.

Inventory:

Hand Weapons
 a - a +1 flail (weapon)
Armour
 b - a +0 scale mail (worn)
 c - a +0 shield (worn)
Jewellery
 q - a +5 ring of dexterity (left hand)
Scrolls
 h - a scroll of identify
 k - a scroll of teleportation
 m - a scroll of remove curse
 o - a scroll of immolation {unknown}
Potions
 d - a potion of might
 i - 2 potions of haste
 j - 2 potions of curing {unknown}
 l - a potion of flight {unknown}
 n - a potion of heal wounds {unknown}
 p - a potion of cancellation {unknown}
Comestibles
 f - a bread ration
 g - 3 fruits


   Skills:
 * Level 3.8 Fighting
 - Level 2.0 Maces & Flails
 * Level 3.7 Armour
 + Level 0.5 Dodging
 * Level 3.7 Shields


You had 2 spell levels left.
You didn't know any spells.

Dungeon Overview and Level Annotations

Branches:
Dungeon (2/15)

Altars:

Annotations:
D:2 Natasha


Innate Abilities, Weirdness & Mutations

You are resistant to torment.
Your stone body is resilient (AC +3).
You are immune to poison.
You resist negative energy.
You are resistant to electric shocks.
You can survive without breathing.
You are immune to petrification.
You are immune to rotting.


Message History

* * * LOW HITPOINT WARNING * * *
You hit Natasha.
Natasha is heavily wounded.
The kobold hits you but does no damage. Natasha claws you but does no damage.
The kobold hits you but does no damage. Natasha claws you but does no damage.
You hit Natasha.
Natasha is heavily wounded.
The kobold hits you but does no damage. Natasha claws you but does no damage.
The kobold barely misses you. Natasha claws you.
* * * LOW HITPOINT WARNING * * *
The kobold hits you but does no damage.
You sock Natasha!
Natasha is almost dead.
Natasha claws you but does no damage. The kobold hits you but does no damage.
Natasha stares at you and mumbles some strange words.
You resist with significant effort. The kobold hits you but does no damage.
You closely miss Natasha.
Natasha is almost dead.
You block Natasha's attack. The kobold barely misses you. Natasha claws you.
You die...

### .. ######### #.
#.......#######
#.###..............
#>.................
#.........$.....(..
#.......##.....@h.......
#######.##......K.......
#.#########....### #.#
....# ..# .....# ###
.....# ......# ......#


You could see Natasha and a kobold.

Vanquished Creatures
  A gnoll (D:1)
  2 giant cockroaches (D:1)
  5 goblins
  A hobgoblin (D:1)
  6 kobolds
  2 bats
  3 giant newts (D:1)
  5 rats
25 creatures vanquished.

Notes
Turn   | Place    | Note
--------------------------------------------------------------
     0 | D:1      | Krapule the Gargoyle Fighter began the quest for the Orb.
     0 | D:1      | Reached XP level 1. HP: 14/14 MP: 1/1
    50 | D:1      | Reached XP level 2. HP: 14/19 MP: 2/2
   518 | D:1      | Reached XP level 3. HP: 21/24 MP: 3/3
   889 | D:2      | Noticed Natasha
   899 | D:2      | Slain by Natasha

Action                   || total
-------------------------++-------
Melee: Flail             ||    84
  Use: Scroll            ||     4
Armor: Scale mail        ||    45
Dodge: Dodged            ||    30
Block: Shield            ||    39
